[Event "December 19 Late 2023"]
[Site "https://www.chess.com"]
[Date "2023.12.19"]
[Round "6"]
[White "Dubessay, Bastien"]
[Black "Kovacevic, Radmila"]
[Result "1-0"]
[Board "110"]
[TimeControl "180+1"]
[WhiteFideId "650048"]
[BlackFideId "933171"]
[WhiteElo "2279"]
[BlackElo "2052"]
[WhiteTeam "FRA"]
[BlackTeam "SRB"]
[WhiteClock "0:00:37"]
[BlackClock "0:00:00"]

1. e4 e5 2. Nf3 d5 3. exd5 e4 4. Ne5 Qxd5 5. d4 exd3 6. Nxd3 Nf6 7. Nc3 Qe6+ 8. Qe2 Nc6 9. Nb5 Nd5 10. c4 Ncb4 11. Qxe6+ fxe6 12. cxd5 Nc2+ 13. Kd1 Nxa1 14. Nxc7+ Kd8 15. Nxa8 exd5 16. Bg5+ Kd7 17. g3 Bd6 18. Kd2 Kc6 19. Bg2 Bf5 20. Rxa1 Bxd3 21. Kxd3 Rxa8 22. Rc1+ Kb5 23. Bxd5 Rf8 24. Be3 b6 25. Bc4+ Ka4 26. f4 Rd8 27. Ke2 Re8 28. Bd5 Re7 29. Kf3 b5 30. Bc5 Bxc5 31. Rxc5 g6 32. Bb3+ Ka5 33. g4 a6 34. Re5 1-0

[Event "December 19 Late 2023"]
[Site "https://www.chess.com"]
[Date "2023.12.19"]
[Round "6"]
[White "Merriman, John"]
[Black "Bellissimo, Joseph F."]
[Result "0-1"]
[Board "111"]
[TimeControl "180+1"]
[WhiteFideId "402362"]
[BlackFideId "2609843"]
[WhiteElo "2207"]
[BlackElo "2103"]
[WhiteTeam "ENG"]
[BlackTeam "CAN"]
[WhiteClock "0:00:00"]
[BlackClock "0:00:36"]

1. d4 Nf6 2. Bf4 d5 3. e3 g6 4. Bd3 Bg7 5. h3 O-O 6. Nf3 c5 7. c3 Nc6 8. O-O Bf5 9. Bxf5 gxf5 10. Nbd2 cxd4 11. exd4 Ne4 12. Re1 Qb6 13. Qb3 Qxb3 14. axb3 b5 15. b4 Rfc8 16. Nb3 e6 17. Na5 Ne7 18. Ne5 Ng6 19. Nxg6 hxg6 20. f3 Nf6 21. Be5 Nd7 22. Bxg7 Kxg7 23. Nb7 Rc6 24. Nc5 Nb6 25. Ra6 Rc7 26. b3 g5 27. Rea1 Nc8 28. R1a5 Rb8 29. Ra1 Rb6 30. R6a5 f6 31. Ra6 Kf7 32. Kf2 e5 33. Ke3 f4+ 34. Kd3 Rcc6 35. Rxb6 axb6 36. Na6 Nd6 37. Nb8 e4+ 38. fxe4 dxe4+ 39. Ke2 Rc7 40. Ra8 Rxc3 41. Na6 Rxb3 42. Ra7+ Kg6 43. Nc7 Rxb4 44. Ne6 Rb2+ 45. Ke1 Nc4 46. Rg7+ Kh6 47. Rg8 f3 48. Rh8+ Kg6 49. Rg8+ Kf7 50. Rg7+ Kxe6 0-1

[Event "December 19 Late 2023"]
[Site "https://www.chess.com"]
[Date "2023.12.19"]
[Round "6"]
[White "Mazurkiewicz, Michal"]
[Black "Vanek, Tomas"]
[Result "1-0"]
[Board "112"]
[TimeControl "180+1"]
[WhiteFideId "1124943"]
[BlackFideId "313459"]
[WhiteElo "2103"]
[BlackElo "2052"]
[WhiteTeam "POL"]
[BlackTeam "CZE"]
[WhiteClock "0:00:05"]
[BlackClock "0:00:00"]

1. e4 c5 2. Nf3 Nc6 3. g3 e5 4. Bg2 g6 5. O-O Bg7 6. d3 Nge7 7. Nc3 O-O 8. Nd2 Rb8 9. a4 Nb4 10. Nc4 d5 11. exd5 Nexd5 12. Nxd5 Nxd5 13. Re1 f6 14. c3 Kh8 15. Qb3 Be6 16. f4 Qd7 17. fxe5 Bh3 18. exf6 Nxf6 19. Ne5 Qc8 20. Nf7+ Rxf7 21. Qxf7 Bxg2 22. Kxg2 Qc6+ 23. Kg1 c4 24. d4 Ne4 25. d5 Qb6+ 26. Be3 Qxb2 27. Bd4 Bxd4+ 28. cxd4 Qxd4+ 29. Kg2 Qd2+ 30. Kh1 Nf2+ 31. Kg2 Ne4+ 32. Kg1 Qd4+ 33. Kh1 Rd8 34. Qf3 Nd2 35. Qg2 c3 36. Rac1 Rxd5 37. Rxc3 Rd8 38. Rce3 Kg7 39. Re7+ Kh6 40. Qe2 Qd5+ 41. Qg2 Qxg2+ 42. Kxg2 Rb8 43. Rc7 b5 44. a5 b4 45. Rxa7 b3 46. a6 b2 47. Rb7 b1=Q 48. Rexb1 Ra8 49. Ra1 Re8 50. a7 Re2+ 51. Kg1 Kg5 52. a8=Q Nf3+ 53. Kf1 Rxh2 54. Qd8+ Kh6 55. Rxh7+ Kxh7 56. Qc7+ Kh6 57. Qf4+ g5 58. Qxf3 Rc2 59. Ra6+ Kh7 60. Qb7+ Kg8 61. Ra8+ 1-0

[Event "December 19 Late 2023"]
[Site "https://www.chess.com"]
[Date "2023.12.19"]
[Round "6"]
[White "Thorhallsson, Simon"]
[Black "Travadon, Loic"]
[Result "0-1"]
[Board "113"]
[TimeControl "180+1"]
[WhiteFideId "2310090"]
[BlackFideId "26092131"]
[WhiteElo "2123"]
[BlackElo "2406"]
[WhiteTeam "ISL"]
[BlackTeam "FRA"]
[WhiteClock "0:01:15"]
[BlackClock "0:02:05"]

1. e4 e5 2. Nf3 Nc6 3. Bc4 Bc5 4. c3 Nf6 5. d3 d6 6. a4 a6 7. O-O h6 8. Re1 O-O 9. h3 Ba7 10. b4 Be6 11. Nbd2 Ne7 12. Bxe6 fxe6 13. Qb3 Qd7 14. Nf1 Ng6 15. Be3 Bxe3 16. Nxe3 d5 17. exd5 exd5 18. Ng4 Nxg4 19. hxg4 Rae8 20. g5 Kh7 21. gxh6 gxh6 22. Nh2 Nf4 23. Re3 Rg8 24. g3 Qh3 0-1

[Event "December 19 Late 2023"]
[Site "https://www.chess.com"]
[Date "2023.12.19"]
[Round "6"]
[White "Michalski, Olaf"]
[Black "Gutierrez Olivares, Daniel"]
[Result "0-1"]
[Board "114"]
[TimeControl "180+1"]
[WhiteFideId "1106740"]
[BlackFideId "2264005"]
[WhiteElo "2105"]
[BlackElo "2317"]
[WhiteTeam "POL"]
[BlackTeam "ESP"]
[WhiteClock "0:00:00"]
[BlackClock "0:00:13"]

1. d4 Nf6 2. c4 e6 3. Nf3 c5 4. d5 exd5 5. cxd5 Bd6 6. Nc3 O-O 7. Nd2 Re8 8. Nc4 Be5 9. Nxe5 Rxe5 10. Bf4 Re8 11. g3 Qb6 12. Qd2 d6 13. Bg2 Bf5 14. O-O Nbd7 15. Rfe1 Be4 16. Bh3 Ne5 17. b3 h6 18. Rac1 Ng6 19. Be3 Ne7 20. f3 Bf5 21. Bg2 Bh7 22. Bf2 Qa5 23. e4 b5 24. Bh3 b4 25. Na4 Ng6 26. Bg2 Ne5 27. h3 Qb5 28. Nb2 a5 29. f4 Ng6 30. Nc4 Qb8 31. Qc2 Nd7 32. Bf3 a4 33. bxa4 Ra6 34. Qb3 Qa7 35. a5 Ra8 36. Nxd6 Rxd6 37. e5 Ra6 38. d6 Ndf8 39. Bxa8 Qxa8 40. Bxc5 Rxa5 41. Bxb4 Rxa2 0-1

[Event "December 19 Late 2023"]
[Site "https://www.chess.com"]
[Date "2023.12.19"]
[Round "6"]
[White "Palmer, Reegan"]
[Black "Sivakumar, Shaashwath"]
[Result "0-1"]
[Board "115"]
[TimeControl "180+1"]
[WhiteFideId "14322145"]
[BlackFideId "30912156"]
[WhiteElo "1814"]
[BlackElo "2137"]
[WhiteTeam "RSA"]
[BlackTeam "USA"]
[WhiteClock "0:00:02"]
[BlackClock "0:00:40"]

1. e4 c5 2. Nf3 d6 3. Bb5+ Nd7 4. a4 Nf6 5. d3 a6 6. Bxd7+ Nxd7 7. O-O g6 8. a5 Bg7 9. c3 O-O 10. d4 Qc7 11. Bf4 Nf6 12. Nbd2 Bd7 13. Bg3 h6 14. e5 Nh5 15. exd6 exd6 16. dxc5 Nxg3 17. cxd6 Qxd6 18. hxg3 Bf5 19. Nc4 Qc5 20. Ne3 Be4 21. Qa4 Bc6 22. Qc2 Rfe8 23. Rfe1 Rad8 24. Nf1 Rxe1 25. Nxe1 h5 26. Ne3 Bh6 27. Nf1 Qc4 28. b3 Qe6 29. Rd1 Re8 30. Nf3 Be4 31. Qb2 Qf5 32. Nd4 Qxa5 33. Re1 Qd8 34. Nd2 Bd5 35. N2f3 Rxe1+ 36. Nxe1 Qe7 37. Nef3 Qe4 38. Nd2 Qxg2# 0-1

[Event "December 19 Late 2023"]
[Site "https://www.chess.com"]
[Date "2023.12.19"]
[Round "6"]
[White "Feliz Dotel, Dewar Bienvenido"]
[Black "Sroczynski, Maciej"]
[Result "0-1"]
[Board "116"]
[TimeControl "180+1"]
[WhiteFideId "6402801"]
[BlackFideId "1121472"]
[WhiteElo "2069"]
[BlackElo "2266"]
[WhiteTeam "DOM"]
[BlackTeam "POL"]
[WhiteClock "0:00:00"]
[BlackClock "0:00:18"]

1. Nf3 d5 2. g3 c5 3. Bg2 Nc6 4. d4 Nf6 5. O-O e6 6. c4 dxc4 7. Qa4 cxd4 8. Nxd4 Qxd4 9. Bxc6+ Bd7 10. Bxd7+ Qxd7 11. Qxc4 Rc8 12. Qb3 Bc5 13. Nc3 h5 14. Bg5 h4 15. Bxf6 gxf6 16. Ne4 Be7 17. Rfd1 Qc6 18. Rac1 Qxc1 19. Rxc1 Rxc1+ 20. Kg2 Rc7 21. Qa4+ Kf8 22. Qxa7 h3+ 23. Kf3 Kg7 24. Qb6 Rhc8 25. a4 f5 26. Qd4+ Kg6 27. Nc3 Bf6 28. Qb6 Bxc3 29. bxc3 Rxc3+ 30. e3 R8c7 31. Qd4 Rc2 32. Qh8 Rd7 33. Qg8+ Kf6 34. Qh7 Rdd2 35. Qh4+ Ke5 36. Qf4+ Kd5 37. e4+ Kc6 38. Qb8 Rxf2+ 39. Ke3 Rce2+ 40. Kd3 fxe4+ 41. Kd4 Rd2+ 42. Kc3 Rd3+ 43. Kc4 Rc2+ 44. Kb4 e3 45. Qe8+ Rd7 46. Qc8+ Rc7 47. Qe8+ Kb6 48. Qxf7 Rxf7 49. a5+ Ka6 0-1

[Event "December 19 Late 2023"]
[Site "https://www.chess.com"]
[Date "2023.12.19"]
[Round "6"]
[White "Ivanov, Aleksandr"]
[Black "Devagharan, Devina"]
[Result "0-1"]
[Board "117"]
[TimeControl "180+1"]
[WhiteFideId "2092980"]
[BlackFideId "2061600"]
[WhiteElo "2154"]
[BlackElo "2431"]
[WhiteTeam "USA"]
[BlackTeam "USA"]
[WhiteClock "0:00:00"]
[BlackClock "0:00:03"]

1. d4 d5 2. c4 e6 3. Nc3 Be7 4. cxd5 exd5 5. Bf4 c6 6. e3 Nf6 7. h3 Bf5 8. Nf3 Nbd7 9. Bd3 Bxd3 10. Qxd3 O-O 11. O-O Re8 12. Rab1 Nf8 13. b4 Ng6 14. Bh2 Bd6 15. Bxd6 Qxd6 16. b5 Ne4 17. bxc6 bxc6 18. Nd2 Nxd2 19. Qxd2 Nh4 20. Ne2 Qg6 21. Ng3 Rab8 22. Rxb8 Rxb8 23. Rc1 h6 24. Qc2 Qxc2 25. Rxc2 Rb6 26. Ne2 Nf5 27. Nf4 Nd6 28. Nd3 f6 29. Nc5 Nc4 30. a4 Rb1+ 31. Kh2 Kf7 32. Kg3 Ke7 33. Nd3 Ke6 34. Nc5+ Kf5 35. Nd3 g5 36. Nc5 h5 37. Nd3 h4+ 38. Kf3 Rb3 39. Nc5 Rb4 40. Nd3 Rxa4 41. Nc5 Ra3 42. Ke2 a5 43. Nd3 Ra1 44. Nc5 a4 45. Nd3 Ke6 46. Nb4 Kd6 47. Na6 a3 48. Nc5 Kc7 49. Nb3 Rb1 50. Nd2 Rb2 0-1

[Event "December 19 Late 2023"]
[Site "https://www.chess.com"]
[Date "2023.12.19"]
[Round "6"]
[White "Serra Canals, Oriol"]
[Black "UnTucopalaTimba"]
[Result "0-1"]
[Board "118"]
[TimeControl "180+1"]
[WhiteFideId "22276084"]
[WhiteElo "2108"]
[BlackElo "2137"]
[WhiteTeam "ESP"]
[WhiteClock "0:00:09"]
[BlackClock "0:00:48"]

1. d4 Nf6 2. c4 e6 3. Nf3 d5 4. Nc3 Bb4 5. Bg5 h6 6. Bxf6 Qxf6 7. e3 O-O 8. Rc1 dxc4 9. Bxc4 c5 10. O-O cxd4 11. Nxd4 b6 12. Ncb5 Na6 13. a3 Bc5 14. b4 Bxd4 15. Nxd4 Bb7 16. Qe2 Nc7 17. Rfd1 Nd5 18. Ba6 Bxa6 19. Qxa6 e5 20. Nf3 Qe6 21. Qb7 Rfd8 22. Rc6 Qe8 23. h3 Rdb8 24. Qc7 Nxc7 25. Rxc7 Rd8 26. Rdc1 Qe6 27. R1c6 Qf5 28. Rb7 e4 29. Nd4 Qd5 30. Rcc7 Qa2 31. Nc6 Rd1+ 32. Kh2 Qxf2 33. Ne5 Qg1+ 34. Kg3 Qxe3+ 35. Kh2 Qf4+ 36. g3 Qf2# 0-1

[Event "December 19 Late 2023"]
[Site "https://www.chess.com"]
[Date "2023.12.19"]
[Round "6"]
[White "Blanco Diez, David"]
[Black "Egorov, Konstantin"]
[Result "1-0"]
[Board "119"]
[TimeControl "180+1"]
[WhiteFideId "32032927"]
[BlackFideId "24154369"]
[WhiteElo "2170"]
[BlackElo "1878"]
[WhiteTeam "ESP"]
[BlackTeam "RUS"]
[WhiteClock "0:00:51"]
[BlackClock "0:00:00"]

1. Nf3 c5 2. b3 Nf6 3. Bb2 g6 4. c4 Bg7 5. g3 b6 6. Bg2 Bb7 7. O-O O-O 8. d3 d6 9. Nc3 Nbd7 10. e3 a6 11. d4 cxd4 12. exd4 d5 13. Ne5 Nxe5 14. dxe5 Nd7 15. Nxd5 Nxe5 16. Qe2 Qd6 17. Rfe1 f6 18. Rad1 Rab8 19. f4 Nc6 20. Nxf6+ Qxf6 21. Bxf6 Rxf6 22. Rd7 Bf8 23. Bd5+ Kg7 24. Qg2 Kh8 25. Rxb7 Rxb7 26. Bxc6 Rc7 27. Bd5 b5 28. Re6 bxc4 29. bxc4 Rxe6 30. Bxe6 Bg7 31. Qa8+ 1-0

[Event "December 19 Late 2023"]
[Site "https://www.chess.com"]
[Date "2023.12.19"]
[Round "6"]
[White "Vargas Rodriguez, Wilver"]
[Black "Reinecke, Katharina"]
[Result "1-0"]
[Board "120"]
[TimeControl "180+1"]
[WhiteFideId "3509672"]
[BlackFideId "12929727"]
[WhiteElo "2210"]
[BlackElo "1761"]
[WhiteTeam "CUB"]
[BlackTeam "GER"]
[WhiteClock "0:01:28"]
[BlackClock "0:00:05"]

1. e4 c6 2. d4 d5 3. exd5 cxd5 4. Bd3 Nc6 5. Nf3 Bg4 6. c3 Qc7 7. h3 Bxf3 8. Qxf3 Nf6 9. O-O e6 10. Bg5 Be7 11. Nd2 O-O 12. Rfe1 h6 13. Bh4 a6 14. Re2 b5 15. a3 Na5 16. Rae1 Nc4 17. Nxc4 bxc4 18. Bc2 Rab8 19. g4 Kh8 20. g5 hxg5 21. Bxg5 Rxb2 22. Bxf6 Rxc2 23. Bxg7+ Kxg7 24. Rxc2 Rg8 25. Kh1 Kf8 26. Rxe6 Ke8 27. Rxa6 Qd7 28. Re2 Kd8 29. Ra8+ Kc7 30. Rxg8 1-0

[Event "December 19 Late 2023"]
[Site "https://www.chess.com"]
[Date "2023.12.19"]
[Round "6"]
[White "Hamidi, Amir Mohammad"]
[Black "Stead, Kerry"]
[Result "1-0"]
[Board "121"]
[TimeControl "180+1"]
[WhiteFideId "12563285"]
[BlackFideId "3202577"]
[WhiteElo "2217"]
[BlackElo "1997"]
[WhiteTeam "IRI"]
[BlackTeam "AUS"]
[WhiteClock "0:01:11"]
[BlackClock "0:01:51"]

1. Nf3 d5 2. c4 d4 3. b4 a5 4. b5 c5 5. Bb2 b6 6. g3 Bb7 7. Bg2 Qc7 8. d3 Nd7 9. e3 e5 10. exd4 cxd4 11. O-O f6 12. Re1 O-O-O 13. Nbd2 Nc5 14. Nb3 Nh6 15. Bc1 Nf7 16. Rb1 g5 17. Nxc5 Bxc5 18. Nd2 Bxg2 19. Kxg2 h5 20. Qf3 Be7 21. Qa8+ Qb8 22. Qc6+ Qc7 23. Qe6+ Kb7 24. Qxf7 h4 25. Ne4 hxg3 26. hxg3 Rdf8 27. Qd5+ Ka7 28. c5 g4 29. cxb6+ Kxb6 30. Qc6+ Qxc6 31. bxc6+ Kxc6 32. Bd2 a4 33. Rec1+ Kd7 34. Rb7+ Ke6 35. Rc6+ Kf7 36. Bb4 Re8 37. Nd6+ 1-0

[Event "December 19 Late 2023"]
[Site "https://www.chess.com"]
[Date "2023.12.19"]
[Round "6"]
[White "Guerra Tulcan, Lenin"]
[Black "Cardozo Munar, Carlos Eduardo"]
[Result "1/2-1/2"]
[Board "122"]
[TimeControl "180+1"]
[WhiteFideId "3601382"]
[BlackFideId "4409477"]
[WhiteElo "2368"]
[BlackElo "2067"]
[WhiteTeam "ECU"]
[BlackTeam "COL"]
[WhiteClock "0:00:10"]
[BlackClock "0:00:04"]

1. e4 e6 2. d4 d5 3. Nd2 c5 4. exd5 Qxd5 5. Ngf3 cxd4 6. Bc4 Qd7 7. O-O Nc6 8. Qe2 Nf6 9. Rd1 Qc7 10. Nb3 a6 11. Nbxd4 Nxd4 12. Rxd4 Bc5 13. Rh4 h6 14. b3 b5 15. Bd3 Bb7 16. Bb2 Rd8 17. a4 b4 18. Bxa6 Bxf2+ 19. Kxf2 Qb6+ 20. Bd4 Qxa6 21. Qxa6 Bxa6 22. Bxf6 gxf6 23. Rxb4 O-O 24. Rd4 Rxd4 25. Nxd4 Rd8 26. Ke3 Kg7 27. c4 f5 28. Rd1 Kf6 29. Rd2 f4+ 30. Ke2 e5 31. Nc6 Rg8 32. Kf1 Bb7 33. Nb4 e4 34. Rd7 Ba8 35. Ra7 e3 36. Nd5+ Ke5 37. Re7+ Kd4 38. Nxf4 f5 39. g3 Be4 40. Rd7+ Kc3 41. Ke2 Kxb3 42. Kxe3 Kxc4 43. a5 Ra8 44. Rh7 Rxa5 45. Rxh6 Ra3+ 46. Kf2 Rf3+ 47. Ke2 Ra3 48. h4 Rxg3 49. h5 Rg4 50. Ng6 Kd4 51. Kf2 Rg2+ 52. Kf1 Rh2 53. Ne7 Ke3 54. Nxf5+ Kf4 55. Kg1 Rg2+ 56. Kf1 Kxf5 57. Rg6 Rxg6 58. hxg6 Kxg6 1/2-1/2

[Event "December 19 Late 2023"]
[Site "https://www.chess.com"]
[Date "2023.12.19"]
[Round "6"]
[White "Figorito, Nick"]
[Black "Mohammad, Fahim"]
[Result "1-0"]
[Board "123"]
[TimeControl "180+1"]
[WhiteFideId "30923689"]
[BlackFideId "10206248"]
[WhiteElo "2405"]
[BlackElo "2177"]
[WhiteTeam "USA"]
[BlackTeam "FRA"]
[WhiteClock "0:00:08"]
[BlackClock "0:00:00"]

1. Nf3 c5 2. g3 g6 3. Bg2 Bg7 4. O-O Nc6 5. c4 d6 6. Nc3 Bf5 7. d3 Qd7 8. Re1 Bh3 9. Bh1 h5 10. Rb1 h4 11. a3 Rc8 12. Be3 Nf6 13. b4 Ng4 14. Bd2 hxg3 15. hxg3 Qf5 16. Ne4 Qh5 17. Neg5 Bf6 18. Nxh3 Qxh3 19. Bg2 Qh5 20. bxc5 Nd4 21. cxd6 exd6 22. Rxb7 Kf8 23. Qa4 Re8 24. Qd7 Re7 25. Qxd6 Kg7 26. Rxe7 Nxf3+ 27. exf3 Qh2+ 28. Kf1 Qh5 29. fxg4 Qa5 30. Bxa5 1-0

[Event "December 19 Late 2023"]
[Site "https://www.chess.com"]
[Date "2023.12.19"]
[Round "6"]
[White "Dwilewicz, Katarzyna"]
[Black "Igel2023"]
[Result "1-0"]
[Board "124"]
[TimeControl "180+1"]
[WhiteFideId "1148486"]
[WhiteElo "2098"]
[BlackElo "2242"]
[WhiteTeam "POL"]
[WhiteClock "0:02:15"]
[BlackClock "0:01:28"]

1. e4 Nc6 2. Nf3 d6 3. d4 Nf6 4. Nc3 Bg4 5. Be3 e6 6. h3 Bh5 7. Be2 d5 8. e5 Nd7 9. Qd2 f6 10. Ng5 Bxe2 11. Nxe6 Qe7 12. Nxc7+ Kd8 13. Nxa8 Ba6 14. Nxd5 Qf7 15. Nac7 1-0

[Event "December 19 Late 2023"]
[Site "https://www.chess.com"]
[Date "2023.12.19"]
[Round "6"]
[White "Zhukov, Maksim"]
[Black "Demina, Marya"]
[Result "1-0"]
[Board "125"]
[TimeControl "180+1"]
[WhiteFideId "34181790"]
[BlackFideId "4195671"]
[WhiteElo "1925"]
[BlackElo "1978"]
[WhiteTeam "RUS"]
[BlackTeam "RUS"]
[WhiteClock "0:01:13"]
[BlackClock "0:00:00"]

1. e4 c6 2. Nf3 d5 3. d3 dxe4 4. dxe4 Qxd1+ 5. Kxd1 Bg4 6. Be2 Nd7 7. Be3 e5 8. Nfd2 Be6 9. Bc4 Bxc4 10. Nxc4 b5 11. Na5 Rc8 12. a4 a6 13. Nd2 Ngf6 14. f3 Be7 15. c3 O-O 16. axb5 cxb5 17. Ke2 Bc5 18. Rhd1 Rfd8 19. Nb7 Bxe3 20. Kxe3 Rf8 21. Rxa6 Rc7 22. Nd6 b4 23. N2c4 bxc3 24. bxc3 Rb8 25. Rda1 g6 26. Ra8 Rxa8 27. Rxa8+ Kg7 28. g4 h6 29. h4 g5 30. h5 Kh7 31. Kd2 Nc5 32. Nxe5 Nb3+ 33. Kc2 Nc5 34. Nexf7 Ne6 35. Rh8+ Kg7 36. Rxh6 Nd4+ 37. Kd3 Nxf3 38. Rg6+ Kf8 39. Ke3 1-0

[Event "December 19 Late 2023"]
[Site "https://www.chess.com"]
[Date "2023.12.19"]
[Round "6"]
[White "Kovalevsky, Stanislav"]
[Black "Porat, Tori"]
[Result "1-0"]
[Board "126"]
[TimeControl "180+1"]
[WhiteFideId "13508598"]
[BlackFideId "30982626"]
[WhiteElo "2043"]
[BlackElo "1693"]
[WhiteTeam "FID"]
[BlackTeam "USA"]
[WhiteClock "0:00:14"]
[BlackClock "0:00:20"]

1. e4 c5 2. c3 d5 3. exd5 Qxd5 4. Nf3 e6 5. d4 Nc6 6. Be3 Nf6 7. c4 Qd8 8. Nc3 cxd4 9. Nxd4 Nxd4 10. Qxd4 Qxd4 11. Bxd4 Be7 12. Nb5 O-O 13. Nxa7 e5 14. Be3 Bd7 15. Bd3 Bb4+ 16. Ke2 e4 17. Bc2 Bg4+ 18. f3 Be6 19. b3 Bf5 20. Kf2 Bg6 21. fxe4 Ng4+ 22. Kf3 Nxe3 23. Kxe3 Rxa7 24. a4 h6 25. Rad1 b6 26. Rd5 Bc5+ 27. Kf3 Re7 28. a5 Rfe8 29. axb6 Bxb6 30. Re1 Re6 31. b4 Bh5+ 32. Rxh5 Rf6+ 33. Kg4 g6 34. Rb5 Bc7 35. g3 Rf2 36. Bb3 Rxh2 37. Rb7 Be5 38. c5 Rf2 39. Re3 Bg7 40. Kh3 Rb2 41. c6 Rb1 42. Bxf7+ Kf8 43. Bxe8 Kxe8 44. c7 Kd7 45. Rd3+ Kc8 46. Rd8+ Kxb7 47. c8=Q+ Kb6 48. Qc5+ Ka6 49. Rd6+ Kb7 50. Rb6+ Ka7 51. Qa5# 1-0

[Event "December 19 Late 2023"]
[Site "https://www.chess.com"]
[Date "2023.12.19"]
[Round "6"]
[White "Jesusesmifuerza"]
[Black "Khodabandeh, Milad"]
[Result "1-0"]
[Board "127"]
[TimeControl "180+1"]
[BlackFideId "12538620"]
[WhiteElo "2166"]
[BlackElo "1846"]
[BlackTeam "IRI"]
[WhiteClock "0:00:54"]
[BlackClock "0:00:00"]

1. e4 e5 2. Nf3 Nc6 3. Bb5 a6 4. Ba4 Nf6 5. O-O Be7 6. d3 b5 7. Bb3 Bb7 8. c3 O-O 9. h3 d5 10. exd5 Nxd5 11. Re1 Nf4 12. Bxf4 exf4 13. d4 Bd6 14. Nbd2 Kh8 15. Ne4 h6 16. Bc2 f5 17. Nxd6 Qxd6 18. Qd3 g6 19. Re2 Rae8 20. Rae1 Qd8 21. Bb3 Na5 22. Ne5 Be4 23. Qd2 Nxb3 24. axb3 Rxe5 25. dxe5 Qxd2 26. Rxd2 f3 27. Rd7 fxg2 28. e6 Re8 29. e7 Kg7 30. Rxc7 Kf7 31. Ra7 Rxe7 32. Rxe7+ Kxe7 33. f3 Kf6 34. fxe4 f4 35. e5+ Ke6 36. Kxg2 g5 37. h4 g4 38. Re4 h5 39. Rxf4 Kxe5 40. Rd4 1-0

[Event "December 19 Late 2023"]
[Site "https://www.chess.com"]
[Date "2023.12.19"]
[Round "6"]
[White "Navyblue1"]
[Black "Soderstrom, Adrian"]
[Result "1-0"]
[Board "129"]
[TimeControl "180+1"]
[BlackFideId "1745786"]
[WhiteElo "2128"]
[BlackElo "2154"]
[BlackTeam "SWE"]
[WhiteClock "0:00:13"]
[BlackClock "0:00:11"]

1. d4 g6 2. c4 Nf6 3. Nc3 d5 4. Nf3 Bg7 5. Qb3 dxc4 6. Qxc4 O-O 7. e4 a6 8. Bf4 Nc6 9. Be2 Bg4 10. Rd1 Qe8 11. Qb3 Rd8 12. d5 Na5 13. Qb4 e5 14. dxe6 Rxd1+ 15. Bxd1 Qxe6 16. Qxa5 Nxe4 17. Nxe4 Qxe4+ 18. Be3 b6 19. Qd2 Qc4 20. h3 Bf5 21. Be2 Qxa2 22. O-O Qxb2 23. Qxb2 Bxb2 24. Nd4 a5 25. Nxf5 gxf5 26. Bd3 a4 27. Bxf5 a3 28. Bc1 Rd8 29. Bxb2 axb2 30. Rb1 Rd2 31. Kf1 Rd5 32. Be4 Rb5 33. Bd3 Rb3 34. Ke2 c5 35. Kd2 b5 36. Kc2 c4 37. Be2 b4 38. Rxb2 Rc3+ 39. Kd2 Rxh3 40. Rxb4 Rh2 41. g3 c3+ 42. Kxc3 Rxf2 43. Rg4+ Kf8 44. Kd3 Rf6 45. Ke3 Re6+ 46. Re4 Rg6 47. g4 h6 48. Rf4 Re6+ 49. Kf2 Kg7 50. Bf3 Ra6 51. Kg3 Ra3 52. Rf5 Kg6 53. Rb5 f6 54. Rb6 Kg5 55. Rb5+ Kg6 56. Rf5 Ra4 57. Rf4 Ra5 58. Kh4 Rb5 59. Be4+ Kg7 60. Bf5 Rc5 61. Rd4 Rc1 62. Rd7+ Kg8 63. Kg3 Rc3+ 64. Kf4 Rc4+ 65. Ke3 Ra4 66. Rd4 Ra3+ 67. Ke4 Ra5 68. Rc4 Re5+ 69. Kf4 Ra5 70. Re4 Kf7 71. Rc4 Ra7 72. Rc6 Ra1 73. Rc7+ Kf8 74. Ke4 Ra4+ 75. Kd5 Ra6 76. Rh7 Ra5+ 77. Ke6 Ra6+ 78. Kd5 Ra5+ 79. Ke4 Re5+ 80. Kf4 Kg8 81. Rxh6 Kg7 82. Rh7+ Kg8 83. Rd7 Ra5 84. Rd6 Kg7 85. Rd7+ Kg8 86. Kg3 Ra3+ 87. Kh4 Ra8 88. Kh5 Rf8 89. Kg6 Kh8 90. Rh7+ Kg8 91. Rg7+ Kh8 92. Rh7+ Kg8 93. Rh3 Re8 94. Kxf6 Rf8+ 95. Kg5 Rb8 96. Kh4 Kg7 97. g5 Rb4+ 98. Bg4 Kg6 99. Re3 Rb6 100. Re6+ Rxe6 101. Bxe6 Kg7 102. Bf5 Kh8 103. Kh5 Kg7 104. g6 Kh8 105. Kh6 Kg8 106. Be6+ Kf8 107. g7+ Ke7 108. g8=Q Kf6 109. Qf7+ Ke5 110. Qf5+ Kd6 111. Kg6 Ke7 112. Qf6+ Ke8 113. Bf7+ Kf8 114. Bg8+ Ke8 115. Qf7+ Kd8 116. Kf6 Kc8 117. Ke6 Kb8 118. Kd6 Kc8 119. Qc7# 1-0

[Event "December 19 Late 2023"]
[Site "https://www.chess.com"]
[Date "2023.12.19"]
[Round "6"]
[White "Huang, Youhe"]
[Black "Golubenko, Valentina"]
[Result "1-0"]
[Board "130"]
[TimeControl "180+1"]
[WhiteFideId "2629445"]
[BlackFideId "4501993"]
[WhiteElo "2006"]
[BlackElo "2126"]
[WhiteTeam "CAN"]
[BlackTeam "CRO"]
[WhiteClock "0:01:21"]
[BlackClock "0:00:04"]

1. e4 e6 2. d4 d5 3. e5 c5 4. c3 Nc6 5. Nf3 a6 6. Be2 Nge7 7. Na3 cxd4 8. cxd4 Nf5 9. Nc2 Be7 10. Rb1 Qa5+ 11. b4 Nxb4 12. O-O Nxc2 13. Qxc2 O-O 14. Bd2 Qd8 15. Rb3 b5 16. g4 Nh4 17. Nxh4 Bxh4 18. Rh3 f5 19. f4 Bd7 20. g5 Rc8 21. Qb2 Bxg5 22. fxg5 Qb6 23. Kh1 Rc7 24. Ra3 Rfc8 25. Ba5 Rc2 26. Qxc2 Rxc2 27. Bxb6 Rxe2 28. Rxa6 b4 29. Bc5 Bb5 30. Ra8+ Kf7 31. g6+ Kxg6 32. Rg1+ Kh6 33. Bf8 Bd3 34. Rxg7 Kh5 35. Be7 Be4+ 36. Kg1 f4 37. Rg5+ Kh6 38. Rag8 f3 39. Bf8# 1-0

[Event "December 19 Late 2023"]
[Site "https://www.chess.com"]
[Date "2023.12.19"]
[Round "6"]
[White "Kappeler, Kaspar"]
[Black "Kanter, Eduard"]
[Result "0-1"]
[Board "131"]
[TimeControl "180+1"]
[WhiteFideId "1309072"]
[BlackFideId "4103963"]
[WhiteElo "2192"]
[BlackElo "2243"]
[WhiteTeam "SUI"]
[BlackTeam "RUS"]
[WhiteClock "0:00:01"]
[BlackClock "0:00:39"]

1. c4 e6 2. Nf3 d5 3. g3 dxc4 4. Bg2 a6 5. O-O b5 6. Ne5 c6 7. Nxc6 Qb6 8. Ne5 Bb7 9. d3 Bxg2 10. Kxg2 Nc6 11. Be3 Bc5 12. Bxc5 Qxc5 13. Nxc6 Qxc6+ 14. Kg1 h5 15. dxc4 h4 16. cxb5 axb5 17. e4 hxg3 18. fxg3 Nf6 19. Nc3 b4 20. Ne2 Nxe4 21. Qd4 Rd8 22. Qxg7 Qc5+ 23. Kg2 Qh5 24. h4 Qxe2+ 25. Kh3 Qh5 26. Rf4 Ng5+ 27. Kg2 Rd2+ 28. Kg1 Nh3+ 29. Kf1 Qe2# 0-1

[Event "December 19 Late 2023"]
[Site "https://www.chess.com"]
[Date "2023.12.19"]
[Round "6"]
[White "Khokhlova, Daria"]
[Black "Gasparyan, David"]
[Result "0-1"]
[Board "132"]
[TimeControl "180+1"]
[WhiteFideId "24182729"]
[BlackFideId "13311980"]
[WhiteElo "2032"]
[BlackElo "2447"]
[WhiteTeam "FID"]
[BlackTeam "USA"]
[WhiteClock "0:00:00"]
[BlackClock "0:00:11"]

1. d4 Nf6 2. c4 e6 3. g3 d5 4. Nf3 dxc4 5. Bg2 a6 6. a4 Bb4+ 7. Bd2 c5 8. O-O O-O 9. dxc5 Bxc5 10. Qc2 Nbd7 11. Qxc4 Qe7 12. Nc3 Nb6 13. Qb3 Nbd5 14. Rfd1 Bd7 15. Be1 Bc6 16. Rac1 Rac8 17. Nd2 Nxc3 18. Rxc3 Bxg2 19. Kxg2 Rfd8 20. Rdc1 Nd5 21. Rc4 b6 22. Ne4 Qb7 23. Kg1 Be7 24. Rxc8 Rxc8 25. Rxc8+ Qxc8 26. Bd2 Qc6 27. f3 h6 28. Kg2 f5 29. Nc3 Nf6 30. Bf4 Kh8 31. Nd1 Qd7 32. Nf2 Bc5 33. Nd3 Bd4 34. Ne5 Bxe5 35. Bxe5 Nd5 36. Qc4 b5 37. Qd3 Kh7 38. e4 Nf4+ 39. Bxf4 Qxd3 40. exf5 exf5 41. Kh3 Qc2 42. Be5 Qxa4 43. Bc3 Qc4 44. g4 b4 45. Be5 fxg4+ 46. fxg4 Qe4 0-1